 Dungeon Crawl Stone Soup version 0.25.1-2-g60ff931df9 (webtiles) character file.

Game seed: 16625009052439072101

64635 Curus the Warrior (level 14, -5/141 HPs)
             Began as a Minotaur Berserker on Oct 26, 2020.
             Was the Champion of Trog.
             Slain by an eight-headed hydra (8 damage)
             ... on level 12 of the Dungeon.
             The game lasted 01:38:07 (23387 turns).

Curus the Warrior (Minotaur Berserker)             Turns: 23387, Time: 01:38:07

Health: -5/141     AC: 32    Str: 28    XL:     14   Next: 72%
Magic:  17/17      EV:  6    Int:  9    God:    Trog [******]
Gold:   1630       SH: 13    Dex: 15    Spells: 13/13 levels left

rFire    . . .     SeeInvis .   t - +0 morningstar of Analysis {vorpal, Str+4 Dex+3}
rCold    + + +     Gourm    .   M - +0 kite shield
rNeg     + . .     Faith    .   q - +4 plate armour
rPois    .         Spirit   .   T - +0 hat
rElec    .         Reflect  +   v - +2 cloak
rCorr    .         Harm     .   W - +1 pair of gloves
MR       +++++                  Y - +0 pair of boots
Stlth    ..........             A - amulet "Aged Pic" {Reflect MR+ SH+5 Stlth+}
HPRegen  1.33/turn              N - ring "Tadol" {rC+++ MR++ Int+2 Stlth+}
MPRegen  0.15/turn              U - ring of positive energy

@: lethally poisoned (-5 -> -10), regenerating
A: retaliatory headbutt, horns 2, molten scales 1, agile 1
a: Berserk, Trog's Hand, Brothers in Arms, Renounce Religion


You were on level 12 of the Dungeon.
You worshipped Trog.
Trog was exalted by your worship.
You were not hungry.

You visited 2 branches of the dungeon, and saw 18 of its levels.
You also visited: Bailey.

You collected 1630 gold pieces.

Inventory:

Hand Weapons
 a - a +2 mace
 d - a +4 mace
 o - a +2 flail
 t - the +0 morningstar of Analysis (weapon) {vorpal, Str+4 Dex+3}
   (You took it off an orc priest on level 8 of the Dungeon)

   It inflicts extra damage upon your enemies.
   It affects your strength (+4).
   It affects your dexterity (+3).
 x - the +6 flail of Zaufrez {vorpal, rC+ Int+6}
   (Trog gifted it to you in a bailey)

   It inflicts extra damage upon your enemies.
   It affects your intelligence (+6).
   It protects you from cold.
 I - a +3 dire flail of flaming
 Q - a +1 morningstar of protection
 R - a +2 vorpal dire flail
Armour
 b - a +0 animal skin
 e - a +0 scale mail
 j - a +0 pair of gloves
 l - a +0 chain mail
 q - a +4 plate armour (worn)
 v - a +2 cloak (worn)
 M - a +0 kite shield (worn)
 S - a scarf of invisibility
 T - a +0 hat (worn)
 W - a +1 pair of gloves (worn)
 Y - a +0 pair of boots (worn)
Jewellery
 m - an uncursed ring of attention
 y - an uncursed ring of stealth
 A - the amulet "Aged Pic" (around neck) {Reflect MR+ SH+5 Stlth+}
   (You acquired it on level 9 of the Dungeon)

   [amulet of reflection]

   It shields you and reflects attacks.
   It affects your resistance to hostile enchantments.
   It affects your SH (+5).
   It makes you more stealthy.
 C - a +6 ring of intelligence
 K - an uncursed ring of teleportation
 N - the ring "Tadol" (left hand) {rC+++ MR++ Int+2 Stlth+}
   (You found it on level 4 of the Lair of Beasts)

   [ring of stealth]

   It affects your intelligence (+2).
   It renders you almost immune to cold.
   It affects your resistance to hostile enchantments.
   It makes you more stealthy.
 U - a ring of positive energy (right hand)
Wands
 r - a wand of flame (38)
 u - a wand of acid (17)
 E - a wand of polymorph (10)
 H - a wand of iceblast (16)
 O - a wand of random effects (20)
Scrolls
 i - 13 scrolls of teleportation
 n - 13 scrolls of identify
 p - 4 scrolls of remove curse
 s - 5 scrolls of enchant weapon
 z - 2 scrolls of blinking
 G - a scroll of silence
 L - 2 scrolls of magic mapping
 P - a scroll of fear
 V - a scroll of enchant armour
Potions
 f - 4 potions of magic
 g - 9 potions of curing
 h - 4 potions of heal wounds
 k - a potion of mutation
 w - 2 potions of haste
 B - a potion of berserk rage
 D - 2 potions of might
 F - a potion of resistance
 J - 2 potions of flight
 X - a potion of cancellation
Comestibles
 c - 26 rations
 Z - 4 chunks of flesh


   Skills:
 + Level 17.6 Fighting
 - Level 15.6 Maces & Flails
 + Level 17.5 Armour
 - Level 2.1 Dodging
 - Level 5.5 Evocations


You had 13 spell levels left.
You didn't know any spells.
Your spell library was empty.

Dungeon Overview and Level Annotations

Branches:
Dungeon (12/15)            Temple (0/1) D:5            Lair (6/6) D:10
  Swamp (0/4) Lair:4        Snake (0/4) Lair:2        Slime (0/5) Lair:6
    Orc (0/2) D:12         Bailey (visited)

Altars:
Ashenzari
Cheibriados
Elyvilon
Gozag
Hepliaklqana
Okawaru
Trog
Wu Jian
Xom
Yredelemnul
Zin
Beogh

Shops:
D:4 %


Innate Abilities, Weirdness & Mutations

You reflexively headbutt those who attack you in melee.
You have a pair of horns on your head.
You are partially covered in molten scales. (AC +2)
You are agile. (Dex +2)


Message History

You block the eight-headed hydra's attack. x2
The eight-headed hydra bites you but does no damage. x2
The eight-headed hydra barely misses you.
The eight-headed hydra bites you!
* * * LOW HITPOINT WARNING * * *
You closely miss the phantasmal warrior.
Your headbutt misses the phantasmal warrior.
The phantasmal warrior is heavily damaged.
You feel very sick.
The phantasmal warrior hits you but does no damage.
You block the tengu reaver's attack.
The eight-headed hydra bites you but does no damage.
The eight-headed hydra bites you!
* * * LOW HITPOINT WARNING * * *
The eight-headed hydra closely misses you.
You block the eight-headed hydra's attack.
The eight-headed hydra bites you but does no damage.
You block the eight-headed hydra's attack.
The eight-headed hydra bites you!
You die...

#..... ....# #.....# ...
##.....# ?.. ##....%# ..#
+#.....##########.#
##.....##.....).##.#
##.....##.........'.#
#.e*QD##[........##.#
#.....#@W..(########.##.
#..*Q.##...(##...........
..?W.##..).####.......##.
....##...†#'..##......# #
...##....##.)..##....(#
..# #.(.###.....##....#
.# #...# ##....?##...#
#...# ##....##...## #...#
##..##.....#


You could see a tengu reaver, an eight-headed hydra, a deep elf archer (repels
missiles), a phantasmal warrior and a battlesphere.

Vanquished Creatures
  A fire giant (D:12)
  4 dire elephants (Lair:6)
  11 hydras
  An anaconda (Lair:6)
  3 two-headed ogres
  5 death yaks (Lair:5)
  An unseen horror (D:11)
  4 orc knights (Bailey)
  A necromancer (Lair:5)
  3 ugly things
  4 cyclopes
  A salamander (shapeshifter) (D:12)
  2 manticores (D:11)
  Maurice (D:8)
  19 elephants
  12 spiny frogs
  A black mamba (Lair:3)
  Joseph (D:8)
  2 centaur skeletons
  A gargoyle (D:10)
  A torpor snail (Lair:4)
  2 rime drakes
  3 komodo dragons
  A kobold demonologist (D:10)
  2 trolls
  The ghost of Drachen the Ducker, an amateur DgGl (D:5)
  5 blink frogs (Lair:3)
  9 hippogriffs
  8 dream sheep
  Sigmund (D:2)
  A shadow (D:11)
  24 yaks
  3 hogs (D:9)
  A human (D:9)
  5 basilisks
  A golden eye (shapeshifter) (D:12)
  A steam dragon (Lair:4)
  Grum (D:11)
  2 hungry ghosts
  6 vampire mosquitoes
  An acid dragon (D:11)
  17 water moccasins
  10 orc warriors
  6 ice beasts
  4 phantoms
  3 porcupines (Lair:2)
  A black bear (D:7)
  An eye of draining (D:10)
  4 sky beasts
  A hornet zombie (D:9)
  3 ogres
  An elephant zombie (Lair:5)
  4 centaurs
  42 wolves
  15 crocodiles
  18 bullfrogs
  19 big kobolds
  A wyvern zombie (D:7)
  A gnoll sergeant (D:7)
  3 scorpions
  8 killer bees (D:10)
  5 wights (D:8)
  3 howler monkeys
  4 electric eels
  5 crimson imps
  A bullfrog zombie (D:7)
  15 orc priests
  7 hounds
  7 jellies
  A basilisk zombie (Lair:5)
  A bullfrog skeleton (D:8)
  2 quasits
  Jessica (D:2)
  2 iguanas
  17 orc wizards
  11 worker ants
  2 bullfrog simulacra (D:12)
  A hound skeleton (D:8)
  3 worker ant zombies
  A howler monkey skeleton (D:7)
  15 adders
  16 gnolls
  A river rat (D:6)
  A shadow imp (D:8)
  An ufetubus (D:12)
  4 oozes
  An adder zombie (D:6)
  An adder skeleton (D:5)
  3 worms
  3 dart slugs
  3 leopard geckos
  92 orcs
  7 giant cockroaches
  9 goblins
  7 hobgoblins
  5 jackals (D:6)
  13 quokkas
  3 ball pythons (D:6)
  8 bats
  3 frilled lizards (D:2)
  22 kobolds
  A leopard gecko skeleton (D:7)
  3 quokka skeletons
  11 rats
  2 plants (Lair:6)
643 creatures vanquished.

Vanquished Creatures (collateral kills)
  A dire elephant (Lair:6)
1 creature vanquished.

Vanquished Creatures (others)
  6 fungi
  7 plants
13 creatures vanquished.

Grand Total: 657 creatures vanquished

Notes
Turn   | Place    | Note
-------+----------+-------------------------------------------
     0 | D:1      | Curus the Minotaur Berserker began the quest for the Orb.
     0 | D:1      | Reached XP level 1. HP: 19/19 MP: 0/0
   188 | D:1      | Reached XP level 2. HP: 21/26 MP: 1/1
   929 | D:2      | Noticed Jessica
   934 | D:2      | Killed Jessica
   934 | D:2      | Reached skill level 5 in Maces & Flails
   934 | D:2      | Reached XP level 3. HP: 18/31 MP: 2/2
  1131 | D:2      | Noticed Sigmund
  1141 | D:2      | Killed Sigmund
  1141 | D:2      | Reached XP level 4. HP: 39/39 MP: 3/3
  1141 | D:2      | Reached XP level 5. HP: 45/45 MP: 4/4
  1264 | D:2      | Reached ** piety under Trog
  1910 | D:2      | Reached XP level 6. HP: 50/51 MP: 5/5
  2185 | D:3      | Found a shattered altar of Ashenzari.
  2350 | D:3      | Found an ornate altar of the Wu Jian Council.
  2669 | D:3      | Found an opulent altar of Gozag.
  2946 | D:3      | Found an iron altar of Okawaru.
  3018 | D:4      | Found a basalt altar of Yredelemnul.
  3093 | D:4      | Found Xounop's Food Emporium.
  3109 | D:4      | Found a white marble altar of Elyvilon.
  3595 | D:4      | Reached XP level 7. HP: 26/57 MP: 6/6
  4129 | D:5      | Entered Level 5 of the Dungeon
  4136 | D:5      | Reached skill level 10 in Maces & Flails
  4193 | D:5      | Gained mutation: You are partially covered in molten
                  | scales. (AC +2) [potion of mutation]
  4193 | D:5      | Gained mutation: You are agile. (Dex +2) [potion of
                  | mutation]
  4289 | D:5      | Found a staircase to the Ecumenical Temple.
  4430 | D:5      | Identified the +8 hunting sling "Iraept" {flame, *Corrode
                  | Int-2 Dex+9}
  4430 | D:5      | Identified the +6 chain mail of Hopscotch {*Corrode *Drain
                  | rElec MP+9}
  4431 | D:5      | Found a runed translucent gate.
  4431 | D:5      | Noticed Drachen's ghost (amateur DgGl)
  4435 | D:5      | Found a runed translucent gate.
  4436 | D:5      | Found a runed translucent gate.
  4450 | D:5      | Reached *** piety under Trog
  4735 | D:5      | Reached XP level 8. HP: 64/64 MP: 7/7
  5301 | D:5      | Found a roughly hewn altar of Beogh.
  6567 | D:6      | Reached **** piety under Trog
  6642 | D:6      | Reached XP level 9. HP: 70/70 MP: 8/8
  7309 | D:7      | Found a bloodstained altar of Trog.
  7412 | D:7      | Found a snail-covered altar of Cheibriados.
  7416 | D:7      | Found a shimmering altar of Xom.
  7420 | D:7      | Found a hazy altar of Hepliaklqana.
  7461 | D:7      | Reached skill level 5 in Fighting
  7562 | D:7      | Reached skill level 5 in Armour
  7894 | D:8      | Noticed a red ugly thing
  7898 | D:8      | Reached ***** piety under Trog
  7909 | D:8      | Killed a red ugly thing
  8369 | D:8      | Identified the cursed +0 morningstar of Analysis {vorpal,
                  | Str+4 Dex+3}
  8560 | D:8      | Noticed Joseph
  8561 | D:8      | Reached XP level 10. HP: 82/88 MP: 9/9
  8575 | D:8      | Killed Joseph
  8675 | D:8      | Noticed Maurice
  9145 | D:8      | Killed Maurice
  9777 | D:9      | Identified a scroll of acquirement
  9777 | D:9      | Acquired the amulet "Aged Pic" {Reflect MR+ SH+5 Stlth+}
  9962 | D:9      | Found a flagged portal.
  9978 | D:9      | Reached skill level 10 in Fighting
 10011 | Bailey   | Entered a bailey
 10270 | Bailey   | Noticed an orc knight
 10284 | Bailey   | Killed an orc knight
 10304 | Bailey   | HP: 3/93 [orc warrior/+0 glaive (9)]
 10305 | Bailey   | Received a gift from Trog
 10558 | Bailey   | Got an ivory flail {god gift}
 10567 | Bailey   | Noticed an orc knight
 10567 | Bailey   | Noticed an orc knight
 10592 | Bailey   | Killed an orc knight
 10592 | Bailey   | Reached skill level 15 in Maces & Flails
 10592 | Bailey   | Reached XP level 11. HP: 53/99 MP: 10/10
 10600 | Bailey   | Killed an orc knight
 10622 | Bailey   | Noticed an orc knight
 10656 | Bailey   | Killed an orc knight
 10704 | Bailey   | Identified the +6 flail of Zaufrez {vorpal, rC+ Int+6}
                  | (Trog gifted it to you in a bailey)
 11258 | D:9      | Identified the +10 ring mail of Erorrile {Str+4}
 11483 | D:10     | Entered Level 10 of the Dungeon
 11612 | D:10     | Reached skill level 10 in Armour
 11693 | D:10     | Found a staircase to the Lair.
 11769 | Lair:1   | Entered Level 1 of the Lair of Beasts
 11875 | Lair:1   | Reached skill level 1 in Evocations
 11990 | Lair:1   | Noticed a seven-headed hydra
 11998 | Lair:1   | Killed a seven-headed hydra
 12774 | Lair:2   | Reached skill level 5 in Evocations
 13265 | Lair:2   | Found a staircase to the Snake Pit.
 13403 | Lair:1   | Acquired 400 gold pieces
 13563 | Lair:2   | Noticed a six-headed hydra
 13572 | Lair:2   | Killed a six-headed hydra
 13990 | Lair:3   | Noticed a seven-headed hydra
 13996 | Lair:3   | Killed a seven-headed hydra
 13996 | Lair:3   | Reached XP level 12. HP: 85/110 MP: 15/15
 14097 | Lair:3   | Received a gift from Trog
 15820 | Lair:4   | Found a staircase to the Swamp.
 15956 | Lair:4   | Noticed a four-headed hydra
 15964 | Lair:4   | Killed a four-headed hydra
 16397 | Lair:4   | Reached XP level 13. HP: 88/123 MP: 16/16
 16638 | Lair:4   | Got a coiled silver ring
 16640 | Lair:4   | Identified the ring "Tadol" {rC+++ MR++ Int+2 Stlth+} (You
                  | found it on level 4 of the Lair of Beasts)
 17446 | Lair:5   | Reached ****** piety under Trog
 17462 | Lair:5   | Reached skill level 15 in Fighting
 17701 | Lair:5   | Reached skill level 15 in Armour
 18406 | Lair:6   | Entered Level 6 of the Lair of Beasts
 18614 | Lair:6   | Found a glowing silver altar of Zin.
 18738 | Lair:6   | Found a staircase to the Slime Pits.
 19037 | Lair:6   | Received a gift from Trog
 19859 | Lair:6   | Noticed a dire elephant
 19859 | Lair:6   | Noticed a dire elephant
 19869 | Lair:6   | Killed a dire elephant
 19877 | Lair:6   | Killed a dire elephant
 19877 | Lair:6   | Reached XP level 14. HP: 96/137 MP: 17/17
 20882 | D:5      | Killed Drachen's ghost
 22004 | D:11     | Noticed Grum
 22029 | D:11     | Killed Grum
 22163 | D:11     | Received a gift from Trog
 22898 | D:12     | Found a staircase to the Orcish Mines.
 23198 | D:12     | Received a gift from Trog
 23312 | D:12     | Noticed a fire giant
 23321 | D:12     | Killed a fire giant
 23359 | D:12     | Noticed a tengu reaver
 23384 | D:12     | HP: 6/141 [tengu reaver/+3 glaive (12)]
 23387 | D:12     | Slain by an eight-headed hydra

Illustrated notes

Levels and vault maps discovered:
D:1:      roderic_crossed_star, layout_loops_ring, chequers_mini_garden
D:2:      layout_basic, kennysheep_boxes, uniq_sigmund, uniq_jessica
D:3:      layout_loops_cross, marbit_many_paths,
          nicolae_gozag_cash_rules_everything_around_me,
          overflow_temple_1_default, wad_floor_pattern_1,
          minmay_misc_feat_four_crosses, cheibrodos_ashenzari_chains
D:4:      layout_gridville, nicolae_overflow_crystal_walls, elyvilon_altar_5,
          first_ration, serial_shops, kennysheep_mini_moat,
          minmay_misc_feat_roman, dk_noncrumbling_3, st_stairs_7
D:5:      layout_layer_cave, minmay_temple_entry_proselytizer,
          biasface_ghost_orc_armoury
D:6:      layout_loops_corners, portal_sewer_entry_e
D:7:      layout_rooms, lightli_temple_of_fire, minitemple
D:8:      layout_basic, uniq_joseph, uniq_maurice
D:9:      layout_irregular_city, lightli_bailey_entry_fortress, grunt_livestock
D:10:     layout_cave_pods, erik_lair_island, special_room
          [special_room_kobold], minmay_circle_x
D:11:     layout_roguey, uniq_grum
D:12:     minmay_octo_star, layout_loops_ring, orc_0_dummy,
          ploomutoo_gammafunk_ghost_potion_laboratory, serial_ice, serial_ice_a,
          serial_ice_j, serial_ice_h, serial_ice_m, serial_ice_c,
          portal_ice_cave_entry_pillars_2, tgw_sif
Lair:1:   layout_chaotic_city, chequers_serial_rivers_room_b
Lair:2:   layout_roguey, dummy_snake_entry, chequers_serial_rivers_room_a,
          serial_bayou_pond_d, minivault_27, grunt_megastairs_3,
          serial_bayou_shore_b
Lair:3:   layout_chaotic_city
Lair:4:   layout_gridlike, minmay_swamp_entry_swarm,
          grunt_forest_large_clearings
Lair:5:   pond_and_an_island_with_a_cottage, layout_big_grid,
          grunt_forest_small_clearings, infiniplex_staircase_pool,
          serial_bayou_shore_b
Lair:6:   due_jungle_book, layout_long_grid, nicolae_slime_entry_slimehenge,
          basic_altar, serial_bayou_shore_a

Skill      XL: |  1  2  3  4  5  6  7  8  9 10 11 12 13 14 |
---------------+-------------------------------------------+-----
Maces & Flails | 4 5 7 8 9 11 13 14 15 | 15.6
Fighting       | 7 10 11 13 16 17 | 17.6
Armour         | 7 9 11 13 16 17 | 17.5
Evocations     | 5 |  5.5
Dodging        | |  2.1

Action                   |  1- 3 |  4- 6 |  7- 9 | 10-12 | 13-15 || total
-------------------------+-------+-------+-------+-------+-------++-------
Melee: Mace              |    48 |   124 |    41 |       |       ||   213
       Headbutt          |     7 |    19 |    74 |   152 |   212 ||   464
       Flail             |       |       |   374 |   426 |     4 ||   804
       Morningstar       |       |       |    12 |   261 |   716 ||   989
Invok: Berserk           |     1 |     1 |     3 |     6 |     5 ||    16
       Trog's Hand       |       |       |     1 |     4 |     2 ||     7
       Brothers in Arms  |       |       |       |       |     1 ||     1
Evoke: Wand              |       |       |       |     2 |     3 ||     5
  Use: Potion            |     6 |     3 |     3 |     7 |     3 ||    22
       Scroll            |     4 |     2 |     5 |    16 |     1 ||    28
  Eat: Chunk             |     1 |     8 |    17 |    21 |    20 ||    67
       Ration            |       |       |     1 |     3 |     3 ||     7
Armor: Animal skin       |     1 |       |       |       |       ||     1
       Scale mail        |     8 |    26 |       |       |       ||    34
       Chain mail        |       |    28 |    69 |       |       ||    97
       Plate armour      |       |       |   130 |   529 |   461 ||  1120
Dodge: Dodged            |    24 |    54 |   105 |   305 |   133 ||   621
Block: Other             |       |       |       |   135 |       ||   135
       Reflection        |       |       |       |     3 |    11 ||    14
       Kite shield       |       |       |       |   206 |   429 ||   635
